 Dungeon Crawl Stone Soup version 0.20.0-10-g0535bb4 (webtiles) character file.

275 greprep the Shield-Bearer (level 6, 0/53 HPs)
             Began as a Minotaur Fighter on June 7, 2017.
             Was an Initiate of Ashenzari.
             Slain by an adder (2 damage)
             ... in a sewer.
             The game lasted 00:05:20 (2259 turns).

greprep the Shield-Bearer (Minotaur Fighter)        Turns: 2259, Time: 00:05:21

Health: 0/53       AC:  7    Str: 23    XL:     6   Next: 3%
Magic:  5/5        EV:  6    Int:  5    God:    Ashenzari [......]
Gold:   113        SH: 10    Dex:  9    Spells: 5/5 levels left

rFire    . . .     SeeInvis .   a - +0 long sword
rCold    . . .     Gourm    .   c - +0 shield
rNeg     . . .     Faith    .   b - +0 scale mail
rPois    .         Spirit   .   (helmet restricted)
rElec    .         Reflect  .   (no cloak)
rCorr    .         Harm     .   (no gloves)
MR       .....                  (no boots)
Stlth    ..........             (no amulet)
Regen    0.2/turn               i - ring of flight
MPRegen  0.1/turn               (no ring)

@: lethally poisoned (0 -> -1), constricted, very slow
A: retaliatory headbutt, horns 2
a: Curse Item, Renounce Religion, Evoke Flight


You were in a sewer.
You worshipped Ashenzari.
Ashenzari was noncommittal.
You were not hungry.

You visited 1 branch of the dungeon, and saw 3 of its levels.
You also visited: Sewer.

You collected 113 gold pieces.

Inventory:

Hand Weapons
 a - a +0 long sword (weapon)
Armour
 b - a +0 scale mail (worn)
 c - a +0 shield (worn)
Jewellery
 i - a ring of flight (left hand)
Scrolls
 g - 2 scrolls of identify {unknown}
 h - 3 scrolls of remove curse
 j - a scroll of fear {unknown}
 n - a scroll of blinking {unknown}
 p - 2 scrolls of magic mapping {unknown}
 q - a scroll of teleportation {unknown}
 r - a scroll of recharging {unknown}
Potions
 d - a potion of might
 e - 2 potions of heal wounds {unknown}
 k - a potion of berserk rage {unknown}
 l - a potion of cancellation
 m - 2 potions of lignification {unknown}
 o - a potion of degeneration {unknown}
 s - a potion of brilliance {unknown}
 t - a potion of haste {unknown}
Comestibles
 f - 2 bread rations
 u - 3 chunks of flesh


   Skills:
 + Level 4.3 Fighting
 + Level 3.9 Long Blades
 + Level 4.7 Armour
 * Level 2.9 Dodging
 + Level 5.2 Shields
 + Level 0.1 Evocations


You had 5 spell levels left.
You didn't know any spells.

Dungeon Overview and Level Annotations

Branches:
Dungeon (3/15)

Altars:
Ashenzari


Innate Abilities, Weirdness & Mutations

You reflexively headbutt those who attack you in melee.
You have a pair of horns on your head.


Message History

You feel stronger.
The bullfrog hits you but does no damage.
The adder bites you.
* * * LOW HITPOINT WARNING * * *
The adder barely misses you.
You feel very mighty all of a sudden.
You feel sick. You block the ball python's attack. The ball python grabs you.
The ball python constricts you. You block the bullfrog's attack.
The adder bites you.
* * * LOW HITPOINT WARNING * * *
You block the ball python's attack. The adder barely misses you.
The ball python bites you but does no damage.
The ball python constricts you. The bullfrog hits you.
* * * LOW HITPOINT WARNING * * *
It was a potion of cancellation.
Your magical effects are unravelling.
You feel magically purged.
You feel a little less mighty now. The adder bites you.
You die...

###################
###..≈≈≈≈≈≈≈≈≈≈≈≈≈≈≈#..
##...≈≈≈≈≈≈#≈.†≈#≈≈≈≈≈..
#....≈≈≈SFJ≈≈≈≈≈≈≈≈≈≈≈..
#....≈≈≈@SS≈≈≈≈≈≈≈≈≈#≈.S
##....≈≈≈SS≈≈≈≈≈≈≈≈≈≈≈≈..
#.....#≈≈≈≈≈≈≈≈≈≈≈≈≈≈≈#..
#....################## #
##...#### #....#..#
#....'..# #...#####
##...##


You could see a bullfrog, an ooze, 2 adders and 3 ball pythons.

Vanquished Creatures
  A bullfrog (Sewer)
  Robin (D:2)
  4 river rats (Sewer)
  8 adders
  A dart slug (D:1)
  2 leopard geckos
  6 ball pythons
  5 giant cockroaches
  16 goblins
  7 hobgoblins
  2 jackals (D:2)
  4 kobolds
  9 bats
  6 frilled lizards
  33 rats
105 creatures vanquished.

Notes
Turn   | Place    | Note
-------+----------+-------------------------------------------
     0 | D:1      | greprep the Minotaur Fighter began the quest for the Orb.
     0 | D:1      | Reached XP level 1. HP: 19/19 MP: 0/0
   148 | D:1      | Reached XP level 2. HP: 24/27 MP: 1/1
   413 | D:1      | Reached skill level 4 in Shields
   570 | D:1      | Reached XP level 3. HP: 33/33 MP: 2/2
   823 | D:2      | Noticed Robin
  1048 | D:2      | Killed Robin
  1048 | D:2      | Reached skill level 1 in Dodging
  1138 | D:2      | Reached XP level 4. HP: 40/40 MP: 3/3
  1345 | D:2      | Found a shattered altar of Ashenzari.
  1354 | D:2      | Became a worshipper of Ashenzari the Shackled
  1603 | D:3      | Found a glowing drain.
  1608 | Sewer    | Entered a sewer
  1762 | Sewer    | Reached XP level 5. HP: 32/46 MP: 4/4
  2247 | Sewer    | Reached skill level 5 in Shields
  2257 | Sewer    | Reached XP level 6. HP: 9/53 MP: 5/5
  2258 | Sewer    | HP: 2/53 [bullfrog (3)]
  2259 | Sewer    | Slain by an adder

Skill      XL: |  1  2  3  4  5 |
---------------+----------------+-----
Armour         | 4 |  4.7
Shields        | 4 5 |  5.2
Fighting       | 4 |  4.3
Long Blades    | 3 |  3.9
Dodging        | 1 2 |  2.9
Evocations     | |  0.1

Action                   |  1- 3 |  4- 6 || total
-------------------------+-------+-------++-------
Melee: Long sword        |   119 |    99 ||   218
       Headbutt          |    16 |    18 ||    34
 Abil: Evoke Flight      |       |     1 ||     1
  Use: Potion            |       |     2 ||     2
  Eat: Chunk             |       |     5 ||     5
Armor: Scale mail        |    65 |    93 ||   158
Dodge: Dodged            |    50 |    73 ||   123
Block: Shield            |    67 |   116 ||   183
       Rpst.: Long sword |    10 |    31 ||    41
